 Dungeon Crawl Stone Soup version 0.26-a0-812-g31a745ddcd (webtiles) character file.

Game seed: 8813304854139406124

166 Borgoz the Ruffian (level 5, -2/45 HPs)
             Began as a Ghoul Gladiator on Dec 6, 2020.
             Was an Initiate of Ashenzari.
             Slain by a sky beast (6 damage)
             ... on level 3 of the Dungeon.
             The game lasted 00:04:41 (2980 turns).

Borgoz the Ruffian (Ghoul Gladiator)                Turns: 2980, Time: 00:04:41

Health: -2/45      AC:  8    Str: 18    XL:     5   Next: 47%
Magic:  4/4        EV: 12    Int:  3    God:    Ashenzari [......]
Gold:   201        SH:  0    Dex: 11    Spells: 4/4 levels left

rFire    . . .     SeeInvis .     - Unarmed
rCold    + + .     Faith    .   (no shield)
rNeg     + + +     Spirit   .   q - +0 ring mail
rPois    ∞         Reflect  .   s - +1 helmet
rElec    .         Harm     .   p - +0 cloak
rCorr    .         Rampage  .   (no gloves)
MR       .....                  (no boots)
Stlth    ..........             (no amulet)
HPRegen  0.00/turn              i - ring of protection from cold
MPRegen  0.09/turn              j - ring of attention (curse)

@: brilliant
A: rotting body, claws 1, cold resistance 1, negative energy resistance 3,
inhibited regeneration, torment resistance, unbreathing
a: Curse Item, Renounce Religion


You were on level 3 of the Dungeon.
You worshipped Ashenzari.
Ashenzari was noncommittal.
You visited 1 branch of the dungeon, and saw 3 of its levels.

You collected 201 gold pieces.

Inventory:

Missiles
 c - 2 throwing nets (quivered)
Armour
 p - a +0 cloak (worn)
 q - a +0 ring mail (worn)
 s - a +1 helmet (worn)
Jewellery
 i - a ring of protection from cold (left claw)
 j - a cursed ring of attention (right claw)
 l - an uncursed ring of fire
Wands
 o - a wand of flame (35)
Scrolls
 a - a scroll of fog {unknown}
 b - a scroll of remove curse
 d - 3 scrolls of teleportation
 g - a scroll of enchant weapon {unknown}
 k - 4 scrolls of identify {unknown}
 t - a scroll of fear {unknown}
Potions
 e - a potion of brilliance
 f - a potion of heal wounds {unknown}
 m - a potion of invisibility {unknown}
 n - 2 potions of degeneration {unknown}
 r - a potion of lignification
 u - a potion of mutation {unknown}


   Skills:
 * Level 3.6 Fighting
 - Level 1.7 Throwing
 + Level 1.2 Armour
 * Level 3.8 Dodging
 * Level 4.4 Unarmed Combat


You had 4 spell levels left.
You didn't know any spells.
Your spell library was empty.

Dungeon Overview and Level Annotations

Branches:
Dungeon (3/15)

Altars:
Ashenzari
Gozag
Sif Muna
Trog
Yredelemnul
The Shining One


Innate Abilities, Weirdness & Mutations

Your body is rotting away.
You thrive by killing the living.
You are immune to poison.
You have sharp fingernails.
Your flesh is cold resistant. (rC+)
You are immune to negative energy. (rN+++)
You do not regenerate when monsters are visible.
You are immune to unholy pain and torment.
You can survive without breathing.


Message History

The sky beast hits you but does no damage.
Your ring mail prevents you from hitting the sky beast.
The sky beast is severely wounded.
The sky beast hits you.
* * * LOW HITPOINT WARNING * * *
The sky beast shocks you.
* * * LOW HITPOINT WARNING * * *
You scratch the sky beast.
The sky beast is almost dead.
The sky beast misses you.
You feel better. The sky beast hits you.
* * * LOW HITPOINT WARNING * * *
The sky beast shocks you.
* * * LOW HITPOINT WARNING * * *
You barely miss the sky beast.
The sky beast is almost dead.
The sky beast hits you.
* * * LOW HITPOINT WARNING * * *
The sky beast shocks you.
You die...

#..............##
#.......
######..........#
#.......
###.....o#.#.####
#.......
#.........o.....#
########
#.###...###...#..#
#.###.#.#(#.#.##.# #
#.....#.#.†..!.#
#.#.ooY†....#....#
......##@##........#
...###.#..≈#.###....#
.# #(....!...."#.#..#
###.#...#.### ...#
...##.##... .#.# .#..
... .#. # . .#.# .. #
## .#)# ## . ##


You could see a sky beast and 2 orcs.

Vanquished Creatures
  Crazy Yiuf (D:2)
  4 adders
  An ooze (D:1)
  2 worms (D:3)
  A dart slug (D:1)
  3 leopard geckos
  5 orcs (D:3)
  7 giant cockroaches
  8 goblins
  10 hobgoblins
  4 jackals (D:2)
  2 quokkas
  2 ball pythons (D:3)
  8 bats
  4 frilled lizards
  10 kobolds
  6 rats
78 creatures vanquished.

Notes
Turn   | Place    | Note
-------+----------+-------------------------------------------
     0 | D:1      | Borgoz the Ghoul Gladiator began the quest for the Orb.
     0 | D:1      | Reached XP level 1. HP: 17/17 MP: 0/0
   366 | D:1      | Reached XP level 2. HP: 25/25 MP: 1/1
   959 | D:2      | Found a runed translucent door.
   960 | D:2      | Noticed Crazy Yiuf
  1127 | D:2      | Reached XP level 3. HP: 30/30 MP: 2/2
  1390 | D:2      | Found a basalt altar of Yredelemnul.
  1415 | D:2      | Reached XP level 4. HP: 29/38 MP: 3/3
  1645 | D:2      | Found a shimmering blue altar of Sif Muna.
  1903 | D:2      | Killed Crazy Yiuf
  1903 | D:2      | Reached skill level 1 in Armour
  1903 | D:2      | Reached skill level 4 in Unarmed Combat
  2267 | D:3      | Reached XP level 5. HP: 44/45 MP: 4/4
  2308 | D:3      | Found an opulent altar of Gozag.
  2313 | D:3      | Found a broken altar of Ashenzari.
  2319 | D:3      | Found a bloodstained altar of Trog.
  2330 | D:3      | Became a worshipper of Ashenzari the Shackled
  2523 | D:3      | Found a glowing golden altar of the Shining One.
  2921 | D:3      | Noticed a sky beast
  2980 | D:3      | Slain by a sky beast

Illustrated notes

Levels and vault maps discovered:
D:1:      ncdulo_watergridlock, layout_basic, serial_bayou_crossing
D:2:      layout_loops_ring, lemuel_coloured_pillars_altar,
          nicolae_overflow_crystal_walls, uniq_crazy_yiuf_cottage
D:3:      layout_basic, tso_metal_star, minmay_overflow_temple_star_quad,
          minmay_fractal_squares_5

Skill      XL: |  1  2  3  4 |
---------------+-------------+-----
Dodging        | 3 |  3.8
Fighting       | 3 |  3.6
Armour         | 1 |  1.2
Unarmed Combat | 4 |  4.4
Throwing       | |  1.7

Action                   |  1- 3 |  4- 6 || total
-------------------------+-------+-------++-------
Melee: Unarmed           |   112 |   158 ||   270
       Punch             |     2 |     2 ||     4
Throw: Throwing net      |       |     2 ||     2
  Use: Scroll            |     1 |       ||     1
       Potion            |       |     4 ||     4
Armor: Leather armour    |    36 |     1 ||    37
       Ring mail         |       |    72 ||    72
Dodge: Dodged            |    82 |   134 ||   216

Table legend: (Time is in decaauts)
 A = Elapsed time spent in this place.
 B = Non-inter-level travel time spent in this place.
 C = Inter-level travel time spent in this place.
 D = Time resting spent in this place.
 E = Time spent auto-exploring this place.
 F = Levels seen in this place.
 G = Mean time per level.
                   A        B        C        D        E       F      G
               +--------+--------+--------+--------+--------+-----+--------+
         Total |   2964 |   2816 |    148 |    128 |   2166 |   3 |  988.0 |
       Dungeon |   2964 |   2816 |    148 |    128 |   2166 |   3 |  988.0 |
               +--------+--------+--------+--------+--------+-----+--------+

Top non-repeatable levels by time:
     D:2: 1118 daAuts
     D:1: 946 daAuts
     D:3: 900 daAuts
